 Dungeon Crawl Stone Soup version 0.26-a0-597-gb535b0901c (webtiles) character file.

Game seed: 5406915318082851705

442 Flugslaktarn the Chopper (level 6, -1/58 HPs)
             Began as a Deep Dwarf Monk on Sept 14, 2020.
             Slain by a two-headed ogre
             ... wielding a +0 giant spiked club
              (20 damage)
             ... on level 5 of the Dungeon.
             The game lasted 00:02:35 (3168 turns).

Flugslaktarn the Chopper (Deep Dwarf Monk)          Turns: 3168, Time: 00:02:36

Health: -1/58      AC: 11    Str: 17    XL:     6   Next: 71%
Magic:  2/2        EV:  9    Int: 10    God:
Gold:   132        SH:  0    Dex: 15    Spells: 5/5 levels left

rFire    . . .     SeeInvis .   v - +2 hand axe (flame)
rCold    . . .     Faith    .   (no shield)
rNeg     . . .     Spirit   .   c - +0 chain mail
rPois    .         Reflect  .   (no helmet)
rElec    .         Harm     .   a - +1 cloak
rCorr    +                      (no gloves)
MR       .....                  (no boots)
Stlth    ..........             (no amulet)
HPRegen  0.00/turn              k - ring of resist corrosion
MPRegen  0.08/turn              (no ring)

@: very slightly contaminated, non-regenerating, invisible
A: damage resistance, heal wounds, sense surroundings 1, no regeneration
a: Heal Wounds


You were on level 5 of the Dungeon.
You visited 1 branch of the dungeon, and saw 5 of its levels.

You collected 132 gold pieces.

Inventory:

Hand Weapons
 v - a +2 hand axe of flaming (weapon)
   (You took it off an orc on level 3 of the Dungeon)
Armour
 a - a +1 cloak (worn)
   (You found it on level 4 of the Dungeon)
 c - a +0 chain mail (worn)
   (You found it on level 3 of the Dungeon)
 s - a scarf of harm
   (You found it on level 2 of the Dungeon)
Jewellery
 k - a ring of resist corrosion (left hand)
   (You found it on level 3 of the Dungeon)
Wands
 b - a wand of iceblast (7)
   (You found it on level 5 of the Dungeon)
 n - a wand of enslavement (9)
   (You found it on level 5 of the Dungeon)
Scrolls
 d - a scroll of enchant armour {unknown}
 e - a scroll of enchant weapon {unknown}
 j - a scroll of fog
 o - a scroll of immolation
 t - 3 scrolls of teleportation
 u - 3 scrolls of magic mapping
 x - 2 scrolls of remove curse
 z - 2 scrolls of blinking
Potions
 f - a potion of haste {unknown}
 g - a potion of invisibility
 h - a potion of magic
 i - 3 potions of mutation
 p - a potion of ambrosia {unknown}
 q - 2 potions of curing
 w - 2 potions of heal wounds


   Skills:
 * Level 4.5 Fighting
 * Level 5.5 Axes
 + Level 2.8 Armour
 + Level 4.5 Dodging
 - Level 2.4 Stealth


You had 5 spell levels left.
You didn't know any spells.
Your spell library was empty.

Dungeon Overview and Level Annotations

Branches:
Dungeon (5/15)
 Temple: D:4-7

Altars:
Cheibriados
Fedhas
Kikubaaqudgha
Okawaru
Qazlal

Shops:
D:5 *

Annotations:
D:3 exclusion: oklob plant


Innate Abilities, Weirdness & Mutations

You are resistant to damage.
You can heal yourself by infusing magical energy.
You passively map a small area around you.
You do not regenerate.


Message History

The two-headed ogre hits you with a +0 giant spiked club!
The two-headed ogre barely misses you.
You hit the two-headed ogre. You burn the two-headed ogre.
The two-headed ogre is moderately wounded.
The two-headed ogre closely misses you.
The two-headed ogre hits you with a +0 giant club.
You catch the helpless two-headed ogre completely off-guard!
You slash the two-headed ogre! You burn the two-headed ogre.
The two-headed ogre is moderately wounded.
You feel much better.
The two-headed ogre hits you with a +0 giant spiked club!!
* * * LOW HITPOINT WARNING * * *
The two-headed ogre barely misses you.
You feel much better. The two-headed ogre barely misses you.
The two-headed ogre closely misses you.
You hit the two-headed ogre. You burn the two-headed ogre.
The two-headed ogre is heavily wounded.
The two-headed ogre hits you with a +0 giant spiked club!
The two-headed ogre hits you with a +0 giant club!!
You die...

*,****,* *,,* *,#..# *,** *,,*
*,* *,* **,* #,#..# *,,* *<,* *,*
*,*** *,* #.#.># **,* *,,* *,*
*,,,* *,* #.#..####,* *,,* *,*
*,*,* *,* #.......#,* *,,* ,,*
*,*,* *,*####..##.#.#**,,* ***
*,*,* *,*#............,,,* *,*,*
*,*#..O.......##*,** *,*,*
*,*#.@..........,,* # *,*,*
*,*#.....##..###******
######.#,**#.##.....#*..#**,,,,,,
........,,(........###,...,,*****
########,,...........##.##*** #
***##########.##.# #.##.# #.##.#
#.##.#


You could see a two-headed ogre.

Vanquished Creatures
  A hound (D:4)
  2 orc wizards (D:4)
  A centaur skeleton (D:4)
  3 iguanas (D:4)
  A worker ant (D:4)
  A hound skeleton (D:4)
  7 adders
  An ooze (D:3)
  2 adder skeletons (D:4)
  3 worms (D:3)
  3 dart slugs
  3 leopard geckos
  13 orcs
  9 giant cockroaches
  6 goblins
  12 hobgoblins
  12 jackals
  5 kobolds
  A quokka (D:4)
  A ball python (D:1)
  6 bats
  8 frilled lizards
  16 rats
117 creatures vanquished.

Notes
Turn   | Place    | Note
-------+----------+-------------------------------------------
     0 | D:1      | Flugslaktarn the Deep Dwarf Monk began the quest for the
                  | Orb.
     0 | D:1      | Reached XP level 1. HP: 20/20 MP: 1/1
   210 | D:1      | Reached XP level 2. HP: 25/27 MP: 2/2
   451 | D:1      | Reached skill level 1 in Armour
   493 | D:1      | Reached XP level 3. HP: 33/34 MP: 2/2
   857 | D:2      | Reached skill level 4 in Axes
   936 | D:2      | Found a faded altar of an unknown god.
  1201 | D:2      | Reached XP level 4. HP: 41/42 MP: 2/2
  1737 | D:3      | Found a stormy altar of Qazlal.
  1754 | D:3      | Found an ancient bone altar of Kikubaaqudgha.
  1853 | D:3      | Reached XP level 5. HP: 45/50 MP: 3/3
  1927 | D:3      | Found an iron altar of Okawaru.
  1957 | D:3      | Found a snail-covered altar of Cheibriados.
  2164 | D:3      | Found a blossoming altar of Fedhas.
  2188 | D:3      | Noticed an oklob plant
  2558 | D:4      | Reached skill level 5 in Axes
  2612 | D:4      | Reached XP level 6. HP: 43/57 MP: 3/3
  3024 | D:5      | Entered Level 5 of the Dungeon
  3058 | D:5      | Found Assep's General Store.
  3152 | D:5      | Noticed a two-headed ogre
  3168 | D:5      | Slain by a two-headed ogre

Illustrated notes

Levels and vault maps discovered:
D:1:      dpeg_arrival_water_fire, layout_basic
D:2:      layout_basic, chequers_ecumenical_altar_island
D:3:      kennysheep_six_static_rooms, layout_basic,
          nicolae_overflow_crystal_walls, tgw_fedhas, grunt_qazlal_clouds,
          lemuel_doored_altar, chequers_serial_rivers_small_b,
          okawaru_gym_becter
D:4:      layout_gridville
D:5:      layout_loops_ring, serial_shops, shop, grunt_ministairs_2

Skill      XL: |  1  2  3  4  5 |
---------------+----------------+-----
Fighting       | 3 4 |  4.5
Armour         | 1 2 |  2.8
Axes           | 4 5 |  5.5
Dodging        | 4 |  4.5
Stealth        | |  2.4

Action                   |  1- 3 |  4- 6 || total
-------------------------+-------+-------++-------
Melee: Hand axe          |   152 |   274 ||   426
 Abil: Heal Wounds       |     2 |     7 ||     9
  Use: Scroll            |       |    13 ||    13
       Potion            |       |     2 ||     2
 Stab: Sleeping          |     7 |     1 ||     8
       Invisible         |       |     1 ||     1
Armor: Robe              |    21 |     2 ||    23
       Chain mail        |       |   143 ||   143
Dodge: Dodged            |   117 |   143 ||   260

Table legend: (Time is in decaauts)
 A = Elapsed time spent in this place.
 B = Non-inter-level travel time spent in this place.
 C = Inter-level travel time spent in this place.
 D = Time resting spent in this place.
 E = Time spent auto-exploring this place.
 F = Levels seen in this place.
 G = Mean time per level.
                   A        B        C        D        E       F      G
               +--------+--------+--------+--------+--------+-----+--------+
         Total |   3215 |   3023 |    192 |      0 |   2168 |   5 |  643.0 |
       Dungeon |   3215 |   3023 |    192 |      0 |   2168 |   5 |  643.0 |
               +--------+--------+--------+--------+--------+-----+--------+

Top non-repeatable levels by time:
     D:3: 851 daAuts
     D:1: 784 daAuts
     D:4: 722 daAuts
     D:2: 712 daAuts
     D:5: 144 daAuts
